 Dungeon Sprint DCSS version 0.30-a0-949-g53dc5368d7 (webtiles) character file.

Game seed: 2676195074727634128

9 BigDaddyOpFi the Magician (level 2, -6/15 HPs)
             Began as a Deep Elf Fire Elementalist on Mar 27, 2023.
             Killed from afar by an oklob sapling (21 damage)
             ... with a splash of acid
             ... in the Dungeon (Sprint IV: "Fedhas' Mad Dash").
             The game lasted 00:00:13 (190 turns).

BigDaddyOpFi the Magician (DEFE)                     Turns: 190, Time: 00:00:13

Health: -6/15      AC:  2    Str:  5    XL:     2   Next: 6%
Magic:  6/8        EV: 13    Int: 19    God:
Gold:   0          SH:  0    Dex: 15    Spells: 7/8 levels left

rFire   . . .      SeeInvis .    (no weapon)
rCold   . . .      Faith    .    (no shield)
rNeg    . . .      Spirit   .    a - +0 robe
rPois   .          Reflect  .    (no helmet)
rElec   .          Rampage  .    (no cloak)
rCorr   .          NoTele   +    (no gloves)
Will    .....                    (no boots)
Stlth   ++                       (no amulet)
HPRegen 0.22/turn                (no ring)
MPRegen 0.11/turn                (no ring)

@: no status effects
A: no striking features
a: no special abilities


You were in the Dungeon.
You visited 1 branch

Inventory:

Armour
 a - a +0 robe (worn)
Scrolls
 g - a scroll of blinking
Potions
 b - 3 potions of magic
 c - 2 potions of curing
 d - a potion of heal wounds
 e - a potion of haste
 f - a potion of berserk rage


   Skills:
 + Level 3.3 Dodging
 + Level 3.4 Stealth
 + Level 3.8 Spellcasting
 + Level 2.1 Conjurations
 + Level 3.8 Fire Magic


You had 7 spell levels left.
You knew the following spells:

 Your Spells              Type           Power      Damage    Failure   Level
a - Foxfire               Conj/Fire      60%        2x1d7     4%          1

Your spell library contained the following spells:

 Spells                   Type           Power      Damage    Failure   Level
 Scorch                   Fire           36%        2d6       4%          2
 Inner Flame              Hex/Fire       11%        N/A       19%         3
 Kindle Blastsparks       Fire/Tloc/Air  16%        2d11      24%         3
 Flame Wave               Conj/Fire      15%        2d7       36%         4


Dungeon Overview and Level Annotations

Branches:
Dungeon (1/1)

Altars:

Annotations:
D exclusion: oklob sapling


Message History

You conjure some foxfire!
The rat bites you but does no damage.
You hit the rat but do no damage.
The foxfire hits the rat.
The rat is moderately wounded.
The rat bites you but does no damage.
You hit the rat but do no damage.
The rat is moderately wounded.
The rat closely misses you.
You barely miss the rat.
The rat is moderately wounded.
The rat barely misses you.
You hit the rat.
The rat is severely wounded.
The rat bites you but does no damage.
Casting: Foxfire (safe; 4% risk of failure)
Confirm with . or Enter, or press ? or * to list all spells.
You don't know that spell.
You hit the rat.
You kill the rat!
There is an open door here.
c - 2 potions of curing (gained 1)
You start resting.
You start resting.
Magic restored.
You start waiting.
Done waiting.
You open the door.
An oklob sapling comes into view.
Marking area around an oklob sapling as unsafe for travelling.
Found 40 gold pieces.
Casting: Foxfire (safe; 4% risk of failure)
Confirm with . or Enter, or press ? or * to list all spells.
You conjure some foxfire!
Casting: Foxfire (safe; 4% risk of failure)
Confirm with . or Enter, or press ? or * to list all spells.
You conjure some foxfire!
The foxfire hits the oklob sapling but does no damage. x2
The oklob sapling spits acid at you. The splash of acid hits you!!
Ouch! That really hurt!
You die...

############ #####
#<..P#...§v#.$$$$#
#PP..'...§@'.#
#PPPP#...v§#P#
############ #


You could see an oklob sapling (ally target).

Vanquished Creatures
  A river rat (D)
  A rat (D)
2 creatures vanquished.

Vanquished Creatures (collateral kills)
  4 foxfires (D)
4 creatures vanquished.

Vanquished Creatures (others)
  8 foxfires (D)
8 creatures vanquished.

Grand Total: 14 creatures vanquished

Notes
Turn   | Place    | Note
-------+----------+-------------------------------------------
     0 | D        | BigDaddyOpFi the Deep Elf Fire Elementalist began the quest
                  | for the Orb.
     0 | D        | Reached XP level 1. HP: 10/10 MP: 6/6
    12 | D        | Reached XP level 2. HP: 12/15 MP: 0/8
   188 | D        | Noticed an oklob sapling
   190 | D        | Killed from afar by an oklob sapling

Illustrated notes

Levels and vault maps discovered:
D:        dungeon_sprint_fedhas [sprint_temple]

Skill      XL: |  1 |
---------------+----+-----
Dodging        | 3 |  3.3
Stealth        | 3 |  3.4
Conjurations   | 2 |  2.1
Spellcasting   | |  3.8
Fire Magic     | |  3.8

Action                     || total
---------------------------++-------
  Melee: Unarmed           ||     9
   Cast: Foxfire           ||     9
 Armour: Robe              ||     4
  Dodge: Dodged            ||     4

Table legend: (Time is in decaauts)
 A = Elapsed time spent in this place.
 B = Non-inter-level travel time spent in this place.
 C = Inter-level travel time spent in this place.
 D = Time resting spent in this place.
 E = Time spent auto-exploring this place.
 F = Levels seen in this place.
 G = Mean time per level.
                   A        B        C        D        E       F      G
               +--------+--------+--------+--------+--------+-----+--------+
         Total |    190 |    190 |      0 |    160 |      0 |   1 |  190.0 |
       Dungeon |    190 |    190 |      0 |    160 |      0 |   1 |  190.0 |
               +--------+--------+--------+--------+--------+-----+--------+

Top non-repeatable levels by time:
       D: 190 daAuts
